 Dungeon Crawl Stone Soup version 0.23.2-1-ga50397a6bc (webtiles) character file.

Game seed: 9870078375948166691

456 Peloso the Slasher (level 6, -9/53 HPs)
             Began as a Minotaur Fighter on Apr 18, 2019.
             Mangled by an ogre
             ... wielding a +0 giant club
              (22 damage)
             ... on level 4 of the Dungeon.
             The game lasted 00:06:15 (2794 turns).

Peloso the Slasher (Minotaur Fighter)               Turns: 2794, Time: 00:06:16

Health: -9/53      AC: 11    Str: 21    XL:     6   Next: 77%
Magic:  5/5        EV:  6    Int:  5    God:
Gold:   162        SH: 10    Dex: 13    Spells: 5/5 levels left

rFire    . . .     SeeInvis .   a - +2 falchion (freeze)
rCold    . . .     Gourm    .   c - +0 shield
rNeg     . . .     Faith    .   s - +0 chain mail
rPois    .         Spirit   .   (helmet restricted)
rElec    .         Reflect  .   n - +0 cloak
rCorr    .         Harm     +   (no gloves)
MR       .....                  (no boots)
Stlth    ..........             o - amulet of harm
HPRegen  0.17/turn              h - ring of stealth
MPRegen  0.09/turn              x - +2 ring of dexterity

@: no status effects
A: retaliatory headbutt, horns 2
a: no special abilities


You were on level 4 of the Dungeon.
You were not hungry.

You visited 1 branch of the dungeon, and saw 4 of its levels.
You also visited: Sewer.

You collected 162 gold pieces.

Inventory:

Hand Weapons
 a - a +2 falchion of freezing (weapon)
Armour
 b - a +0 scale mail
 c - a +0 shield (worn)
 n - a +0 cloak (worn)
 s - a +0 chain mail (worn)
Jewellery
 h - a ring of stealth (left hand)
 o - an amulet of harm (around neck)
 w - an uncursed ring of magical power
 x - a +2 ring of dexterity (right hand)
Wands
 d - a wand of paralysis (2)
Scrolls
 e - a scroll of amnesia {unknown}
 g - 3 scrolls of teleportation {unknown}
 j - 5 scrolls of identify {unknown}
 t - a scroll of enchant weapon {unknown}
 u - 3 scrolls of remove curse {unknown}
 v - a scroll of fog {unknown}
 y - a scroll of fear {unknown}
Potions
 i - a potion of brilliance {unknown}
 k - a potion of heal wounds {unknown}
 l - 2 potions of degeneration {unknown}
 m - 4 potions of flight {unknown}
 p - 6 potions of curing {unknown}
 q - a potion of lignification {unknown}
 r - a potion of mutation {unknown}
 A - a potion of resistance {unknown}
Comestibles
 f - 9 rations


   Skills:
 + Level 4.6 Fighting
 + Level 5.7 Long Blades
 + Level 5.5 Armour
 + Level 1.2 Dodging
 + Level 5.3 Shields


You had 5 spell levels left.
You didn't know any spells.
Your spell library was empty.

Dungeon Overview and Level Annotations

Branches:
Dungeon (4/15)
 Temple: D:4-7

Altars:


Innate Abilities, Weirdness & Mutations

You reflexively headbutt those who attack you in melee.
You have a pair of horns on your head.


Message History

The ogre shouts!
An ogre is nearby!
An ogre is nearby!
An ogre comes into view. It is wielding a +0 giant club.
The ogre shouts!
Found a scroll labeled KYCSEC VAU.
A howler monkey comes into view.
The howler monkey howls!
The ogre hits you with a +0 giant club!!
You hit the ogre. You freeze the ogre. Your headbutt misses the ogre.
The ogre is lightly wounded.
The ogre hits you but does no damage.
You hit the ogre. You freeze the ogre. You headbutt the ogre!
The ogre is heavily wounded.
The ogre hits you with a +0 giant club!
* * * LOW HITPOINT WARNING * * *
The howler monkey hoots and howls with incredible vigour!
You hear a shout!
The ogre hits you with a +0 giant club!!
You die...

...
##..##........
##..##.....>...
##..###.........
##..##
#........#
###..##
#.....####
#...## ##..###
#..## ####
#.##### #.@...##
#####.O....##
.......O....#
.............#
#.....h.......#
###..........##
#..........#
#.#..?....##
#.###...###


You could see 2 ogres and a howler monkey.

Vanquished Creatures
  Eustachio (D:4)
  A big kobold (Sewer)
  An iguana (D:4)
  Ijyb (D:3)
  An orc wizard (D:3)
  A howler monkey skeleton (D:3)
  7 adders
  A river rat (Sewer)
  2 oozes (D:1)
  An adder zombie (D:3)
  A worm (D:3)
  A dart slug (D:1)
  6 leopard geckos
  5 orcs (D:3)
  6 giant cockroaches (D:3)
  4 goblins
  3 hobgoblins
  8 jackals
  A quokka (D:2)
  9 bats
  5 frilled lizards
  10 kobolds
  8 rats
84 creatures vanquished.

Notes
Turn   | Place    | Note
-------+----------+-------------------------------------------
     0 | D:1      | Peloso the Minotaur Fighter began the quest for the Orb.
     0 | D:1      | Reached XP level 1. HP: 19/19 MP: 0/0
   111 | D:1      | Reached XP level 2. HP: 22/27 MP: 1/1
   378 | D:1      | Reached XP level 3. HP: 33/33 MP: 2/2
  1034 | D:2      | Reached XP level 4. HP: 27/40 MP: 3/3
  1415 | D:2      | You fall through a shaft!
  1507 | D:3      | Reached XP level 5. HP: 22/46 MP: 4/4
  1573 | D:3      | Found a glowing drain.
  1588 | Sewer    | Entered a sewer
  1843 | Sewer    | Reached skill level 5 in Armour
  1856 | Sewer    | Reached skill level 5 in Long Blades
  1885 | Sewer    | Found a glowing silver altar of Zin.
  2020 | D:3      | Reached XP level 6. HP: 51/53 MP: 5/5
  2158 | D:3      | Noticed Ijyb
  2167 | D:3      | Paralysed by Ijyb for 4 turns
  2176 | D:3      | Killed Ijyb
  2286 | D:3      | Reached skill level 1 in Dodging
  2728 | D:4      | Noticed Eustachio
  2750 | D:4      | Killed Eustachio
  2750 | D:4      | Reached skill level 5 in Shields
  2794 | D:4      | Mangled by an ogre

Skill      XL: |  1  2  3  4  5  6 |
---------------+-------------------+-----
Armour         | 4 5 |  5.5
Fighting       | 4 |  4.6
Long Blades    | 3 4 5 |  5.7
Shields        | 4 5 |  5.3
Dodging        | 1 |  1.2

Action                   |  1- 3 |  4- 6 || total
-------------------------+-------+-------++-------
Melee: Long sword        |    75 |   153 ||   228
       Headbutt          |     8 |    31 ||    39
       Falchion          |       |     5 ||     5
  Use: Potion            |       |     1 ||     1
  Eat: Chunk             |       |     7 ||     7
Armor: Scale mail        |    41 |    18 ||    59
       Chain mail        |       |    81 ||    81
Dodge: Dodged            |    24 |    36 ||    60
Block: Shield            |    43 |   108 ||   151
       Rpst.: Long sword |     7 |    12 ||    19
       Falchion          |       |     1 ||     1
